 Dungeon Crawl Stone Soup version 0.27-a0-988-g25969acef8 (webtiles) character file.

Game seed: 13264300209070733023

3514 shoop the Cleaver (level 9, -6/74 (75) HPs)
             Began as a Palentonga Abyssal Knight on Apr 15, 2021.
             Was a Priest of Lugonu.
             Mangled by a wight
             ... wielding a +4 long sword
              (12 damage)
             ... on level 8 of the Dungeon on Apr 16, 2021.
             The game lasted 00:22:46 (8964 turns).

shoop the Cleaver (Palentonga Abyssal Knight)       Turns: 8964, Time: 00:22:47

HP:   -6/74 (75)    AC: 12    Str: 18    XL:     9   Next: 81%
MP:   11/11         EV:  7    Int: 12    God:    Lugonu [***...]
Gold: 373           SH: 10    Dex: 11    Spells: 8/8 levels left

rFire    + + .     SeeInvis +   s - +14 obsidian axe {vorpal, Drain Fly SInv}
rCold    . . .     Faith    .   z - +1 kite shield {rPois}
rNeg     . . .     Spirit   .   t - +1 leather armour {rF+}
rPois    +         Reflect  .   (no helmet)
rElec    .         Harm     .   (no cloak)
rCorr    .         Rampage  .   (no gloves)
Will     .....                  (no barding)
Stlth    +.........             (no amulet)
HPRegen  0.22/turn              y - ring of protection from fire
MPRegen  0.12/turn              (no ring)

@: brilliant, flying, mesmerised, lightly drained, curled up
A: large, rugged brown scales 3, see invisible, deformed body, roll 1, armoured
tail, reflexive curl
a: Rolling Charge, Renounce Religion, Depart the Abyss, Bend Space, Banish


You were on level 8 of the Dungeon.
You worshipped Lugonu.
Lugonu was most pleased with you.
You visited 1 branch of the dungeon, and saw 8 of its levels.
You visited the Abyss 1 time.

You collected 373 gold pieces.

Inventory:

Hand Weapons
 a - a +2 broad axe of electrocution
 m - a +1 hand axe
 s - the +14 obsidian axe (weapon) {vorpal, Drain Fly SInv}
   (You found it on level 5 of the Dungeon)

   It inflicts extra damage upon your enemies.
   It lets you see invisible.
   It grants you flight.
   It drains your maximum health when unequipped.
Missiles
 c - 9 javelins
 d - a throwing net
 f - 26 poisoned darts (quivered)
 C - a curare-tipped dart
Armour
 b - a +0 leather armour
 j - a +0 plate armour
 t - a +1 leather armour of fire resistance (worn)
 z - a +1 kite shield of poison resistance (worn)
Jewellery
 y - a ring of protection from fire (left hand)
Wands
 u - a wand of flame (30)
 A - a wand of polymorph (6)
Scrolls
 l - a scroll of noise {unknown}
 n - a scroll of fog {unknown}
 q - 2 scrolls of torment {unknown}
 w - a scroll of summoning
 x - a scroll of fear {unknown}
 B - 2 scrolls of magic mapping {unknown}
Potions
 e - a potion of flight
 g - 2 potions of degeneration {unknown}
 h - 2 potions of brilliance
 i - a potion of attraction
 k - a potion of mutation
 o - 2 potions of berserk rage
 p - 3 potions of curing
 r - a potion of ambrosia {unknown}
 v - a potion of might
 D - a potion of magic {unknown}


   Skills:
 + Level 6.4 Fighting
 * Level 11.7 Axes
 - Level 1.0 Throwing
 - Level 1.5 Armour
 - Level 0.7 Dodging
 + Level 3.1 Shields
 + Level 3.3 Invocations
 - Level 1.0 Evocations


You had 8 spell levels left.
You didn't know any spells.
Your spell library contained the following spells:

 Spells                   Type           Power      Damage    Failure   Level
 Animate Skeleton         Necr           0%         N/A       80%         1
 Apportation              Tloc           0%         N/A       80%         1
 Corona                   Hex            0%         N/A       80%         1
 Magic Dart               Conj           0%         1d3       80%         1
 Summon Small Mammal      Summ           0%         N/A       80%         1
 Blink                    Tloc           N/A        N/A       91%         2
 Call Imp                 Summ           0%         N/A       91%         2
 Slow                     Hex            0%         N/A       91%         2
 Call Canine Familiar     Summ           0%         N/A       99%         3
 Conjure Flame            Conj/Fire      0%         6-21      99%         3
 Mephitic Cloud           Conj/Pois/Air  0%         N/A       99%         3
 Summon Guardian Golem    Hex/Summ       0%         N/A       99%         3
 Summon Ice Beast         Ice/Summ       0%         N/A       100%        4
 Summon Lightning Spire   Summ/Air       0%         N/A       100%        4


Dungeon Overview and Level Annotations

Branches:
Dungeon (8/15)             Temple (0/1) D:6
   Lair: D:8-11

Altars:
Elyvilon
Gozag
Makhleb
Okawaru
Xom

Shops:
D:3 :   D:7 (

Annotations:
D:2 Sigmund
D:5 3 runed translucent doors, mojorge's ghost, novice TrTm


Innate Abilities, Weirdness & Mutations

You are completely covered in rugged brown scales. (AC +3, +7% HP)
You have supernaturally acute eyesight. (SInv)
Armour fits poorly on your strangely shaped body.
You can roll at nearby foes to attack.
You have a long armoured tail.
You curl defensively after being hit.


Message History

You hear a bellow!
Unknown command.
Roll where?
Press: ? - help, Dir - move target, f - gnoll
Aim: a gnoll, wielding a +0 whip You roll forward with a clatter of scales!
You barely miss the gnoll.
Visions of slaying the gnoll flood into your mind.
You hear an angry hiss.
You hear a horrible gurgling sound!
A wight comes into view. It is wielding a +4 long sword.
The gnoll barely misses you.
The deep elf pyromancer gestures at you while chanting.
The sticky flame hits you. You resist.
You are covered in liquid flames!
* * * LOW HITPOINT WARNING * * *
Roll where?
Press: ? - help, Dir - move target, f - deep elf pyromancer, p - gnoll
Aim: a deep elf pyromancer, wielding a +0 dagger (severely wounded)
You cannot roll away from the gnoll!
You cannot move away from the gnoll!
You slice the gnoll!!
You break out of your daze!
You kill the gnoll!
Lugonu accepts your kill.
Visions of slaying the wight flood into your mind.
You are covered in liquid flames!
A steam dragon comes into view.
You cannot move away from the wight!
You are covered in liquid flames!
The deep elf pyromancer gestures at you while chanting.
The bolt of fire hits you! You resist.
* * * LOW HITPOINT WARNING * * *
The wight hits you with a +4 long sword.
* * * LOW HITPOINT WARNING * * *
You feel drained.
* * * LOW HITPOINT WARNING * * *
Okay, then.
It was a potion of curing.
You feel better.
The wight hits you with a +4 long sword!
You die...

#.#............
#..........<...
#.#............ . #
#......)).... #.
##......)..... #.###
##............. ...
##..............
#.###........>...... ###
#Dz@#...##..........
...####)e#.##############
#..#.#...# #.)####.#
#...# #)# ##### #.. ....
..... #######


You could see a deep elf pyromancer, a steam dragon and a wight (mesmerising).

Vanquished Creatures
  A centaur warrior (D:8)
  A gargoyle (D:6)
  A kobold demonologist (D:8)
  A water moccasin (D:7)
  An ice beast (D:6)
  A sky beast (D:5)
  An orc warrior (D:5)
  3 ogres
  4 centaurs
  Blork the orc (D:6)
  A kobold brigand (D:8)
  3 bullfrogs
  A gnoll sergeant (D:7)
  4 scorpions
  A water moccasin zombie (D:5)
  A water moccasin skeleton (D:5)
  3 wyvern skeletons
  2 wights (D:8)
  A centaur zombie (D:7)
  An orc priest (D:4)
  A bullfrog skeleton (D:6)
  2 iguanas
  A jelly (D:6)
  Ijyb (D:3)
  Terence (D:3)
  A killer bee zombie (D:7)
  4 gnolls
  4 adders
  A white imp (D:6)
  A worm (D:1)
  A dart slug (D:2)
  10 orcs
  5 bats
  3 endoplasms (D:1)
  4 giant cockroaches
  4 hobgoblins
  3 jackals (D:2)
  14 kobolds
  A quokka (D:2)
  6 ball pythons
  3 frilled lizards (D:3)
  5 goblins
  3 rats
112 creatures vanquished.

Vanquished Creatures (collateral kills)
  A gnoll sergeant (D:8)
  A wight (D:8)
  A gnoll (D:8)
  A bush (D:6)
4 creatures vanquished.

Grand Total: 116 creatures vanquished

Notes
Turn   | Place    | Note
-------+----------+-------------------------------------------
     0 | Abyss:1  | shoop the Palentonga Abyssal Knight began the quest for the
                  | Orb.
     0 | Abyss:1  | Reached XP level 1. HP: 19/19 MP: 2/2
   121 | Abyss:2  | Noticed a worldbinder
   122 | Abyss:2  | Noticed a shining eye
   124 | Abyss:2  | Noticed a swamp drake
   124 | Abyss:2  | Noticed a bog body
   124 | D:1      | Escaped the Abyss
   357 | D:1      | Reached * piety under Lugonu
   365 | D:1      | Reached XP level 2. HP: 23/25 MP: 3/3
   928 | D:2      | Reached skill level 3 in Axes
   932 | D:2      | Reached XP level 3. HP: 31/31 MP: 4/4
   942 | D:2      | Noticed Sigmund
  1295 | D:2      | Noticed an ogre
  1505 | D:2      | Reached ** piety under Lugonu
  1620 | D:2      | Found a faded altar of an unknown god.
  1712 | D:3      | Found Plog's Book Shoppe.
  1742 | D:3      | Noticed Terence
  1746 | D:2      | Found a shimmering altar of Xom.
  1783 | D:2      | Identified a scroll of acquirement
  1801 | D:1      | Acquired a +2 broad axe of electrocution
  2601 | D:4      | Reached XP level 4. HP: 30/37 MP: 6/6
  2681 | D:4      | Reached skill level 1 in Throwing
  2691 | D:4      | Reached skill level 4 in Axes
  2927 | D:4      | Found an opulent altar of Gozag.
  2930 | D:4      | Found a burning altar of Makhleb.
  2930 | D:4      | Found a white marble altar of Elyvilon.
  3484 | D:5      | Entered Level 5 of the Dungeon
  3484 | D:5      | Noticed a centaur
  3541 | D:5      | Reached XP level 5. HP: 26/43 MP: 7/7
  3813 | D:5      | Reached skill level 5 in Axes
  3938 | D:5      | Reached XP level 6. HP: 25/50 MP: 8/8
  4191 | D:5      | Found the +14 obsidian axe {vorpal, Drain Fly SInv}
  4204 | D:5      | Noticed an ice beast
  4214 | D:5      | Found a runed translucent gate.
  4214 | D:5      | Found a runed translucent gate.
  4214 | D:5      | Found a runed translucent gate.
  4390 | D:3      | Killed Terence
  4391 | D:3      | Reached skill level 6 in Axes
  4394 | D:3      | Noticed Ijyb
  4399 | D:3      | Killed Ijyb
  5027 | D:5      | Found an iron altar of Okawaru.
  5051 | D:5      | Noticed an orc warrior
  5056 | D:5      | Killed an orc warrior
  5057 | D:5      | Reached skill level 7 in Axes
  5057 | D:5      | Reached skill level 1 in Evocations
  5195 | D:5      | Gained mutation: You curl defensively after being hit.
                  | [Palentonga growth]
  5195 | D:5      | Reached XP level 7. HP: 48/55 MP: 9/9
  5563 | D:5      | Noticed mojorge's ghost (novice TrTm)
  5690 | D:5      | Reached skill level 8 in Axes
  5745 | D:5      | Noticed a smoke demon
  6613 | D:6      | Found a staircase to the Ecumenical Temple.
  6659 | D:6      | Reached skill level 9 in Axes
  6659 | D:6      | Reached XP level 8. HP: 55/62 MP: 10/10
  6676 | D:6      | Noticed a gargoyle
  6699 | D:6      | Killed a gargoyle
  7043 | D:6      | Reached skill level 10 in Axes
  7255 | D:6      | Noticed Blork the orc
  7260 | D:6      | Killed Blork the orc
  7805 | D:7      | Reached skill level 5 in Fighting
  7813 | D:7      | Reached XP level 9. HP: 47/72 MP: 11/11
  8018 | D:7      | Reached skill level 1 in Shields
  8058 | D:7      | Found Usmump's Antique Weapon Shop.
  8066 | D:7      | Reached *** piety under Lugonu
  8934 | D:8      | Reached skill level 11 in Axes
  8935 | D:8      | Noticed a deep elf pyromancer
  8938 | D:8      | Noticed a centaur warrior
  8940 | D:8      | Noticed a kobold demonologist
  8946 | D:8      | Killed a centaur warrior
  8951 | D:8      | Killed a kobold demonologist
  8963 | D:8      | HP: 2/75 [wight/+4 long sword (3)]
  8964 | D:8      | Mangled by a wight

Illustrated notes

Levels and vault maps discovered:
D:1:      dpeg_arrival_chambers_temple_mockup, layout_basic
D:2:      layout_basic, basic_altar, ebering_ecumenical_altar_mist,
          amcnicky_mini_pool_small, uniq_sigmund
D:3:      layout_rooms, serial_shops, shop, uniq_ijyb, uniq_terence
D:4:      layout_basic, grunt_temple_overflow_open
D:5:      wander_river, layout_loops_ring, lemuel_tele_altar,
          gammafunk_ghost_icy
D:6:      layout_basic, minmay_temple_entry_statues_fountains,
          minmay_hedge_maze, uniq_blork_the_orc
D:7:      layout_basic, serial_shops, nicolae_shop_trees
D:8:      minmay_the_grid_octo_tiled_squarecenter
          [minmay_the_grid_octo_fan_narrow, minmay_the_grid_octo_shrine,
          minmay_the_grid_octo_concentric, minmay_the_grid_octo_teeth,
          minmay_the_grid_square_5x5_megaprize_checkered,
          minmay_the_grid_square_5x5_bite,
          minmay_the_grid_square_5x5_two_walls_b,
          minmay_the_grid_square_5x5_mess,
          minmay_the_grid_square_5x5_inverted_slash], layout_rooms,
          kennysheep_big_empty_room, uniq_grum

Skill      XL: |  1  2  3  4  5  6  7  8  9 |
---------------+----------------------------+-----
Axes           | 3 4 5 7 9 10 11 | 11.7
Throwing       | 1 |  1.0
Invocations    | 3 |  3.3
Evocations     | 1 |  1.0
Fighting       | 5 6 |  6.4
Shields        | 3 |  3.1
Armour         | |  1.5
Dodging        | |  0.7

Action                   |  1- 3 |  4- 6 |  7- 9 || total
-------------------------+-------+-------+-------++-------
Melee: Hand axe          |    91 |       |       ||    91
       Tailslap          |    13 |     5 |     8 ||    26
       Broad axe         |    13 |    57 |    96 ||   166
Throw: Dart              |     7 |       |       ||     7
Invok: Depart the Abyss  |     1 |       |       ||     1
       Bend Space        |     1 |       |       ||     1
 Abil: Rolling Charge    |    30 |     7 |    30 ||    67
  Use: Scroll            |     6 |       |     2 ||     8
       Potion            |     2 |       |     2 ||     4
Armor: Leather armour    |    44 |     9 |    33 ||    86
Dodge: Dodged            |    36 |    25 |    25 ||    86
Block: Kite shield       |       |       |    21 ||    21

Table legend: (Time is in decaauts)
 A = Elapsed time spent in this place.
 B = Non-inter-level travel time spent in this place.
 C = Inter-level travel time spent in this place.
 D = Time resting spent in this place.
 E = Time spent auto-exploring this place.
 F = Levels seen in this place.
 G = Mean time per level.
                   A        B        C        D        E       F      G
               +--------+--------+--------+--------+--------+-----+--------+
         Total |   9036 |   8313 |    723 |   1295 |   5942 |  10 |  903.6 |
       Dungeon |   8912 |   8189 |    723 |   1295 |   5834 |   8 | 1114.0 |
         Abyss |    123 |    123 |      0 |      0 |    108 |   2 |   61.5 |
               +--------+--------+--------+--------+--------+-----+--------+

Top non-repeatable levels by time:
     D:5: 1630 daAuts
     D:6: 1589 daAuts
     D:1: 1309 daAuts
     D:4: 1240 daAuts
     D:7: 1182 daAuts
     D:2: 937 daAuts
     D:3: 873 daAuts
     D:8: 150 daAuts
 Abyss:1: 77 daAuts
 Abyss:2: 46 daAuts
